 Dungeon Crawl Stone Soup version 0.25-a0-670-g50981ef59b (webtiles) character file.

Game seed: 2093595961131931339, levelgen mode: deterministic

856 Error4North the Magician (level 7, -6/55 (56) HPs)
             Began as a Pale Draconian Wizard on Mar 29, 2020.
             Was a Follower of Sif Muna.
             Mangled by Prince Ribbit (14 damage)
             ... on level 6 of the Dungeon.
             The game lasted 01:01:02 (7054 turns).

Error4North the Magician (Pale Draconian Wizard)    Turns: 7054, Time: 01:01:02

HP:   -6/55 (56)    AC:  8    Str:  9    XL:     7   Next: 70%
MP:   4/13          EV: 16    Int: 21    God:    Sif Muna [*.....]
Gold: 248           SH:  0    Dex:  9    Spells: 2/15 levels left

rFire    . . .     SeeInvis .     - Unarmed
rCold    . . .     Gourm    .   (no shield)
rNeg     . . .     Faith    .   (armour unavailable)
rPois    .         Spirit   .   a - +0 hat
rElec    .         Reflect  .   (no cloak)
rCorr    .         Harm     .   u - +1 pair of gloves
MR       .....                  (no boots)
Stlth    ++........             (no amulet)
HPRegen  0.18/turn              q - +4 ring of evasion
MPRegen  0.13/turn              (no ring)

@: brilliant
A: breathe steam, unfitting armour, cold-blooded, AC +6
a: Breathe Steam, Channel Magic, Renounce Religion


You were on level 6 of the Dungeon.
You worshipped Sif Muna.
Sif Muna was aware of your devotion.
You were hungry.

You visited 2 branches of the dungeon, and saw 7 of its levels.

You collected 298 gold pieces.
You spent 50 gold pieces at shops.

Inventory:

Missiles
 j - 73 stones (quivered)
 m - 8 boomerangs
Armour
 a - a +0 hat (worn)
 u - a +1 pair of gloves (worn)
Jewellery
 n - a cursed amulet of inaccuracy {unknown}
 q - a +4 ring of evasion (left hand)
Scrolls
 d - 8 scrolls of identify
 h - 3 scrolls of remove curse {unknown}
 k - a scroll of magic mapping {unknown}
 l - a scroll of enchant armour
 p - a scroll of amnesia {unknown}
 t - 2 scrolls of fear {unknown}
 v - a scroll of noise {unknown}
Potions
 e - a potion of curing
 g - a potion of lignification
 i - a potion of resistance
 o - a potion of might {unknown}
 r - a potion of degeneration {unknown}
 s - a potion of invisibility {unknown}
Comestibles
 c - 10 rations
 f - 2 chunks of flesh


   Skills:
 * Level 2.6 Fighting
 * Level 2.8 Dodging
 + Level 2.9 Stealth
 * Level 3.3 Unarmed Combat
 + Level 4.6 Spellcasting
 * Level 2.1 Conjurations
 * Level 1.0 Hexes
 + Level 2.4 Summonings
 + Level 1.1 Translocations
 * Level 1.6 Fire Magic
 * Level 1.5 Air Magic
 * Level 2.1 Poison Magic
 * Level 1.2 Invocations


You had 2 spell levels left.
You knew the following spells:

 Your Spells              Type           Power        Failure   Level  Hunger
a - Magic Dart            Conj           ###.         4%          1    None
b - Blink                 Tloc           N/A          11%         2    None
c - Call Imp              Summ           ###.....     6%          2    None
d - Slow                  Hex            ##......     11%         2    None
e - Mephitic Cloud        Conj/Pois/Air  ###.....     16%         3    None
f - Conjure Flame         Conj/Fire      ###.....     16%         3    None

Your spell library contained the following spells:

 Spells                   Type           Power        Failure   Level  Hunger


Dungeon Overview and Level Annotations

Branches:
Dungeon (6/15)             Temple (1/1) D:4

Altars:
Ashenzari
Dithmenos
Elyvilon
Gozag
Hepliaklqana
Kikubaaqudgha
Makhleb
Nemelex Xobeh
Okawaru
Ru
Sif Muna
Trog
Uskayaw
Vehumet
Wu Jian
Yredelemnul
Zin

Shops:
D:4 %

Annotations:
D:3 Sigmund
D:6 Prince Ribbit


Innate Abilities, Weirdness & Mutations

You can breathe blasts of scalding, opaque steam.
Your pale cyan-grey scales are hard. (AC +6)
You cannot fit into any form of body armour.
You are cold-blooded and may be slowed by cold attacks.


Message History

As you read the scroll labeled ZYIMNU ZUIQ, it crumbles to dust.
It is a scroll of enchant armour.
Your +0 pair of gloves glows green for a moment.
Prince Ribbit misses you. Prince Ribbit barely misses you.
Prince Ribbit misses you.
Prince Ribbit blinks!
Prince Ribbit lets out a mournful croak.
Prince Ribbit closely misses you.
Casting: Magic Dart (safe; 4% risk of failure)
Confirm with . or Enter, or press ? or * to list all spells.
You blink.
Prince Ribbit hits you!
* * * LOW HITPOINT WARNING * * *
Prince Ribbit says, "You're just another fly to me."
Prince Ribbit hits you.
* * * LOW HITPOINT WARNING * * *
It was a potion of brilliance.
You feel clever all of a sudden. Prince Ribbit barely misses you.
Prince Ribbit hits you!
You die...

#############
............#
###########F# #@#
####### #.#######
#.....# #.......#
#.#.#.########.##
#...#..5.5..<#.#
###5#..#.#...#ยง#
#.#.)._..#.#.#
#5#.##.###.#F#
###.#.#..###.#.#


You could see Prince Ribbit.

Vanquished Creatures
  Duvessa (D:5)
  An ice beast (D:4)
  A phantom (D:5)
  A necrophage (D:4)
  Dowan (D:5)
  A centaur zombie (D:5)
  An iguana (D:5)
  2 worker ants
  6 adders
  A shadow imp (D:4)
  An ooze (D:1)
  A leopard gecko (D:4)
  4 orcs
  2 giant cockroaches
  3 goblins (D:2)
  4 hobgoblins
  3 jackals (D:3)
  3 kobolds
  3 ball pythons (D:1)
  A bat (D:1)
  9 frilled lizards
  A quokka skeleton (D:5)
  A rat (D:2)
52 creatures vanquished.

Vanquished Creatures (collateral kills)
  A phantom (D:4)
  A centaur (D:5)
  An ogre (D:6)
  A bullfrog (D:5)
  A bullfrog skeleton (D:2)
  3 worker ants
  5 adders
  An ooze (D:4)
  2 worms
  5 leopard geckos
  2 orcs
  4 bats
  4 goblins
  3 hobgoblins
  15 jackals
  4 kobolds
  A quokka (D:2)
  2 ball pythons
  A frilled lizard (D:3)
  A quokka skeleton (D:4)
  2 rats
60 creatures vanquished.

Grand Total: 112 creatures vanquished

Notes
Turn   | Place    | Note
-------+----------+-------------------------------------------
     0 | D:1      | Error4North the Draconian Wizard began the quest for the
                  | Orb.
     0 | D:1      | Reached XP level 1. HP: 14/14 MP: 4/4
   190 | D:1      | Reached XP level 2. HP: 9/20 MP: 0/6
   194 | D:1      | Learned a level 2 spell: Blink
   197 | D:1      | Learned a level 2 spell: Call Imp
   200 | D:1      | Learned a level 2 spell: Slow
  1307 | D:2      | Reached XP level 3. HP: 21/27 MP: 0/7
  1596 | D:2      | Found a glowing silver altar of Zin.
  1748 | D:2      | Reached skill level 1 in Fighting
  1921 | D:2      | Found a bloodstained altar of Trog.
  1964 | D:2      | Reached skill level 1 in Unarmed Combat
  1964 | D:2      | Reached XP level 4. HP: 26/35 MP: 2/9
  2119 | D:2      | Found a sacrificial altar of Ru.
  2502 | D:3      | Found a white marble altar of Elyvilon.
  2610 | D:3      | Learned a level 3 spell: Mephitic Cloud
  2696 | D:3      | Noticed Sigmund
  3618 | D:4      | Reached XP level 5. HP: 27/40 MP: 5/10
  3859 | D:4      | Found a shattered altar of Ashenzari.
  3957 | D:4      | Reached skill level 4 in Spellcasting
  4027 | D:4      | Noticed a phantom
  4143 | D:4      | Found a staircase to the Ecumenical Temple.
  4149 | Temple   | Entered the Ecumenical Temple
  4207 | Temple   | Became a worshipper of Sif Muna the Loreminder
  4309 | D:4      | Found Lenor Sushy's Food Shoppe.
  4314 | D:4      | Bought a ration for 50 gold pieces
  4395 | D:4      | Killed a phantom
  4635 | D:5      | Entered Level 5 of the Dungeon
  4699 | D:5      | Noticed a centaur
  4765 | D:5      | Noticed an ice beast
  4806 | D:4      | Reached XP level 6. HP: 46/48 MP: 0/12
  4888 | D:4      | Learned a level 3 spell: Conjure Flame
  4894 | D:5      | Noticed an orc warrior
  5049 | D:5      | Noticed Duvessa
  5094 | D:4      | Killed an ice beast
  5592 | D:6      | Reached skill level 1 in Fire Magic
  5971 | D:5      | Your scales start taking on a pale cyan-grey colour.
  5971 | D:5      | Reached XP level 7. HP: 38/55 MP: 3/13
  6127 | D:5      | Noticed Dowan
  6462 | D:5      | Reached skill level 1 in Air Magic
  6462 | D:5      | Reached skill level 1 in Invocations
  6473 | D:5      | Killed Dowan
  6473 | D:5      | Reached skill level 1 in Poison Magic
  6696 | D:5      | Killed Duvessa
  6696 | D:5      | Reached skill level 1 in Hexes
  6816 | D:5      | Reached * piety under Sif Muna
  6928 | D:6      | Found a sparkling altar of Nemelex Xobeh.
  6979 | D:6      | Noticed Prince Ribbit
  7054 | D:6      | Mangled by Prince Ribbit

Levels and vault maps discovered:
D:1:      dpeg_arrival_rooms_a, layout_rooms, minmay_shallow_snake_nest
D:2:      layout_basic, nicolae_overflow_hidden_temple,
          nicolae_ru_the_path_less_chosen, nicolae_overflow_crystal_walls,
          minmay_tripent
D:3:      layout_loops_corners, elyvilon_altar_1, first_ration, uniq_sigmund
D:4:      layout_loops_corners, minmay_temple_entry_enclosed_plants,
          serial_shops, shop, st_stairs_3, ashenzari_altar_1
D:5:      layout_loops_ring, minmay_divided_ellipse, uniq_duvessa
D:6:      cheibrodos_two_vegetables, layout_basic, lemuel_crystal_altar,
          lemuel_crystal_altar, basic_altar, serial_shops, shop_fountains,
          uniq_prince_ribbit1
Temple:   hc_temple_tempest_star

Skill      XL: |  1  2  3  4  5  6  7 |
---------------+----------------------+-----
Dodging        | 2 |  2.8
Stealth        | 2 |  2.9
Fighting       | 1 2 |  2.6
Unarmed Combat | 1 2 3 |  3.3
Spellcasting   | 4 |  4.6
Summonings     | 2 |  2.4
Fire Magic     | 1 |  1.6
Conjurations   | 2 |  2.1
Air Magic      | 1 |  1.5
Invocations    | 1 |  1.2
Poison Magic   | 2 |  2.1
Hexes          | 1 |  1.0
Translocations | |  1.1

Action                   |  1- 3 |  4- 6 |  7- 9 || total
-------------------------+-------+-------+-------++-------
Melee: Unarmed           |    94 |   244 |    67 ||   405
       Tailslap          |    11 |    16 |     6 ||    33
       Punch             |       |     2 |       ||     2
Throw: Stone             |       |     4 |     5 ||     9
 Cast: Magic Dart        |    15 |    15 |     7 ||    37
       Call Imp          |    27 |    58 |    19 ||   104
       Mephitic Cloud    |       |     6 |     3 ||     9
       Slow              |       |     6 |     2 ||     8
       Blink             |       |     1 |     2 ||     3
       Conjure Flame     |       |       |     3 ||     3
 Abil: Breathe Steam     |       |       |     4 ||     4
  Use: Scroll            |       |     3 |     2 ||     5
       Potion            |       |     3 |     1 ||     4
 Stab: Sleeping          |     1 |     1 |       ||     2
       Confused          |       |     3 |     2 ||     5
  Eat: Chunk             |     4 |     9 |       ||    13
       Ration            |       |     2 |     1 ||     3
Armor: Skin              |    40 |    84 |    17 ||   141
Dodge: Dodged            |    87 |   194 |    56 ||   337

Table legend:
 A = Non-vault XP
 B = Vault XP
 C = Vault XP percentage of total XP
 D = Non-vault monster count
 E = Vault monster count
 F = Vault count percentage of total count
                 A         B        C        D         E       F
            +---------+---------+-------+---------+---------+-------
      Total |     710 |     513 |  41.9 |      93 |      19 |  17.0
            +---------+---------+-------+---------+---------+-------
        D:1 |      24 |       5 |  17.2 |      15 |       3 |  16.7
        D:2 |      75 |       4 |   5.1 |      26 |       2 |   7.1
        D:3 |      53 |       0 |   0.0 |      24 |       0 |   0.0
        D:4 |     316 |     107 |  25.3 |      16 |       4 |  20.0
        D:5 |     144 |     397 |  73.4 |      10 |      10 |  50.0
        D:6 |      98 |       0 |   0.0 |       2 |       0 |   0.0
            +---------+---------+-------+---------+---------+-------
